 Dungeon Crawl Stone Soup version 0.31-a0-321-g19405a7a6a (webtiles) character file.

Game seed: 14589392646382037865

42 BrainTurd the Digger (level 3, -8/19 HPs)
             Began as a Deep Elf Earth Elementalist on July 18, 2023.
             Was an Initiate of Vehumet.
             Mangled by Crazy Yiuf
             ... wielding a +3 quarterstaff of chaos
              (10 damage)
             ... on level 2 of the Dungeon.
             The game lasted 00:06:42 (1940 turns).

BrainTurd the Digger (Deep Elf Earth Elementalist)  Turns: 1940, Time: 00:06:45

Health: -8/19      AC:  6    Str:  5    XL:     3   Next: 35%
Magic:  8/9        EV: 12    Int: 21    God:    Vehumet [......]
Gold:   122        SH:  0    Dex: 15    Spells: 0/8 levels left

rFire   + . .        j - +3 dagger (holy)
rCold   + . .        (no shield)
rNeg    . . .        a - +0 robe
rPois   +            (no helmet)
rElec   +            (no cloak)
rCorr   +            (no gloves)
SInv    .            (no boots)
Will    .....        (no amulet)
Stlth   ++           l - +4 ring of protection
HPRegen 0.23/turn    (no ring)
MPRegen 0.11/turn

%: no passive effects
@: resistant
A: no striking features
a: Renounce Religion


You were on level 2 of the Dungeon.
You worshipped Vehumet.
Vehumet was noncommittal.
You visited 1 branch of the dungeon, and saw 2 of its levels.

You collected 122 gold pieces.

Inventory:

Hand Weapons
 g - a +0 dagger
 j - a +3 dagger of holy wrath (weapon)
Missiles
 e - 5 poisoned darts
 r - 8 stones
Armour
 a - a +0 robe (worn)
 i - a +0 leather armour of cold resistance
Jewellery
 l - a +4 ring of protection (left hand)
Scrolls
 d - 4 scrolls of identify {unknown}
 f - a scroll of amnesia {unknown}
 h - a scroll of enchant armour {unknown}
 m - a scroll of blinking {unknown}
 o - 2 scrolls of poison {unknown}
 s - a scroll of fear {unknown}
Potions
 b - a potion of magic
 c - a potion of might {unknown}
 k - a potion of mutation {unknown}
 n - a potion of haste {unknown}
 p - a potion of degeneration {unknown}
 q - a potion of curing {unknown}


   Skills:
 - Level 2.4 Dodging
 - Level 2.4 Stealth
 - Level 3.0 Spellcasting
 + Level 0.9 Translocations
 - Level 2.3 Transmutations
 + Level 4.2 Earth Magic


You couldn't memorise any spells.
You knew the following spells:

 Your Spells              Type           Power      Damage    Failure   Level
a - Sandblast             Erth           40%        2d10      2%          1
b - Passwall              Tmut/Erth      13%        N/A       5%          2
c - Blink                 Tloc           14%        N/A       14%         2
d - Stone Arrow           Conj/Erth      22%        3d8       17%         3

Your spell library contained the following spells:

 Spells                   Type           Power      Damage    Failure   Level
 Petrify                  Tmut/Erth      16%        N/A       34%         4
 Manifold Assault         Tloc           7%         N/A       65%         4


Dungeon Overview and Level Annotations

Branches:
Dungeon (2/15)

Altars:
Vehumet

Annotations:
D:2 Crazy Yiuf


Message History

You see here a +0 dagger.
You see here an adder skeleton.
There is a stone staircase leading up here.
You see here a +2 antimagic spear.
r - 8 stones (gained 1)
You see here a +2 antimagic spear.
There is a shaft here.
You see here a +0 whip.
There is a stone staircase leading down here.
You enter the shallow water.
Moving in this stuff is going to be slow.
You see here a +0 hammer.
Crazy Yiuf shouts!
Crazy Yiuf twirls on the spot.
Could not explore, unopened runed door.
Okay, then.
You aren't carrying any items that you can evoke.
You open the door. You hit Crazy Yiuf.
Crazy Yiuf is moderately wounded.
Crazy Yiuf screams, "Castle fast high!"
Crazy Yiuf hits you with a +3 quarterstaff of chaos.
You hit Crazy Yiuf.
Crazy Yiuf is moderately wounded.
Crazy Yiuf hits you with a +3 quarterstaff of chaos.
Casting: Sandblast (safe; 2% risk of failure)
Confirm with . or Enter, or press ? or * to list all spells.
Okay, then.
Aiming: Sandblast (safe; 2% risk of failure)
Press: ? - help, Q - select action, (/) - cycle Shift-Dir - straight line, f - Crazy Yiuf
Aim: Crazy Yiuf, wielding a +3 quarterstaff of chaos and wearing a +0 cloak (moderately wounded, 85% to hit)
The blast of sand hits Crazy Yiuf!
Crazy Yiuf is severely wounded.
Crazy Yiuf hits you with a +3 quarterstaff of chaos!
Ouch! That really hurt!
* * * LOW HITPOINT WARNING * * *
You feel protected.
Crazy Yiuf hits you with a +3 quarterstaff of chaos!
Ouch! That really hurt!
You die...

#.....# #...
#.###.############
#.## #.#
#............# #.#
#.# ##############
#.# #.# #.# #.# #.#
#.# ### ♣♣#### #.#
#.# #)..#♣♣ ♣♣.#).##
#.# #.#
#...g@♣♣♣♣))....###.#
#.#
#...#♣..♣.).........#
#.# ###
♣♣♣.♣..#..###### #.#
♣♣♣♣♣##.#### #####.#
#....#### #.....# ###
### ### #..#.....
#.##### #.# #.##
##.###....###. #.#
#.#
#..###.##...##.#..)
#.# #.#
#.#...###.#.#......


You could see Crazy Yiuf.

Vanquished Creatures
  An adder (D:2)
  2 dart slugs (D:2)
  An orc (D:2)
  5 ball pythons (D:1)
  2 endoplasms
  2 giant cockroaches (D:1)
  2 goblins (D:2)
  A hobgoblin (D:1)
  3 kobolds (D:2)
  A quokka (D:1)
  2 bats
  3 frilled lizards
  3 rats
28 creatures vanquished.

Notes
Turn   | Place    | Note
-------+----------+-------------------------------------------
     0 | D:1      | BrainTurd the Deep Elf Earth Elementalist began the quest
                  | for the Orb.
     0 | D:1      | Reached XP level 1. HP: 10/10 MP: 6/6
   190 | D:1      | Reached XP level 2. HP: 15/15 MP: 5/8
   399 | D:1      | Learned a level 2 spell: Passwall
   972 | D:2      | Found a radiant altar of Vehumet.
   981 | D:2      | Became a worshipper of Vehumet
  1010 | D:2      | Reached skill level 4 in Earth Magic
  1128 | D:2      | Learned a level 2 spell: Blink
  1291 | D:2      | Reached XP level 3. HP: 19/19 MP: 7/9
  1505 | D:2      | Found a runed translucent door.
  1510 | D:2      | Learned a level 3 spell: Stone Arrow
  1510 | D:2      | Noticed Crazy Yiuf
  1940 | D:2      | Mangled by Crazy Yiuf

Illustrated notes

Levels and vault maps discovered:
D:1:      wander_arrival_chamber, layout_basic
D:2:      layout_loops_ring, serial_bayou, serial_bayou_shore_b,
          serial_bayou_pond_a, serial_bayou_shore_a, serial_bayou_shore_b,
          basic_altar, uniq_crazy_yiuf_cottage

Skill      XL: |  1  2 |
---------------+-------+-----
Transmutations | 2 |  2.3
Earth Magic    | 4 |  4.2
Dodging        | |  2.4
Stealth        | |  2.4
Spellcasting   | |  3.0
Translocations | |  0.9

Action                     || total
---------------------------++-------
  Melee: Unarmed           ||     2
         Dagger            ||     4
   Cast: Sandblast         ||    34
 Armour: Robe              ||     2
  Dodge: Dodged            ||     8

Table legend: (Time is in decaauts)
 A = Elapsed time spent in this place.
 B = Non-inter-level travel time spent in this place.
 C = Inter-level travel time spent in this place.
 D = Time resting spent in this place.
 E = Time spent auto-exploring this place.
 F = Levels seen in this place.
 G = Mean time per level.
                   A        B        C        D        E       F      G
               +--------+--------+--------+--------+--------+-----+--------+
         Total |   1966 |   1870 |     96 |      0 |   1654 |   2 |  983.0 |
       Dungeon |   1966 |   1870 |     96 |      0 |   1654 |   2 |  983.0 |
               +--------+--------+--------+--------+--------+-----+--------+

Top non-repeatable levels by time:
     D:2: 1064 daAuts
     D:1: 901 daAuts
